 Dungeon Crawl Stone Soup version 0.29-a0-344-ge2f44be95a (webtiles) character file.

Game seed: 12915086156353669629

42 spaghetti the Covered (level 3, 9/29 HPs)
             Began as a Barachi Fighter on Apr 21, 2022.
             Was a Follower of Ru.
             Quit the game on level 2 of the Dungeon.
             The game lasted 00:05:18 (1467 turns).

spaghetti the Covered (Barachi Fighter)             Turns: 1467, Time: 00:05:19

Health: 9/29       AC:  7    Str: 19    XL:     3   Next: 56%
Magic:  3/3        EV:  9    Int:  8    God:    Ru [*.....]
Gold:   74         SH:  4    Dex: 11    Spells: 2/2 levels left

rFire   . . .      SeeInvis .   a - +0 flail {mace}
rCold   . . .      Faith    .   c - +0 buckler
rNeg    . . .      Spirit   .   b - +0 scale mail
rPois   .          Reflect  .   (no helmet)
rElec   .          Harm     .   (no cloak)
rCorr   .          Rampage  .   (no gloves)
Will    .....                   (no boots)
Stlth   ..........              (no amulet)
HPRegen 0.09/turn               (no ring)
MPRegen 0.08/turn               (no ring)

@: lethally poisoned (9 -> 0), invisible, slow
A: amphibious, slowness 1, missing an eye, strong legs 1, +LOS
a: Hop, Renounce Religion


You were on level 2 of the Dungeon.
You worshipped Ru.
Ru was aware of your devotion.
You visited 1 branch of the dungeon, and saw 2 of its levels.

You collected 74 gold pieces.


Innate Abilities, Weirdness & Mutations

You are amphibious.
You cover ground slowly.
You are missing an eye, making it more difficult to aim.
You can hop short distances.
You have an extended range of vision and can be seen from far away.


   Skills:
 - Level 3.6 Fighting
 - Level 2.1 Maces & Flails
 + Level 5.4 Armour
 - Level 3.2 Shields


You had 2 spell levels left.
You didn't know any spells.
Your spell library was empty.

Inventory:

Hand Weapons
 a - a +0 flail (weapon) {mace}
Missiles
 g - 6 poisoned darts (quivered) {throwing}
 m - 26 stones {throwing}
Armour
 b - a +0 scale mail (worn)
 c - a +0 buckler (worn)
Jewellery
 j - a ring of positive energy
   (You found it on level 2 of the Dungeon)
 k - a ring of flight
   (You found it on level 1 of the Dungeon)
Scrolls
 e - 3 scrolls of identify {unknown}
 f - a scroll of summoning {unknown}
 h - 2 scrolls of enchant weapon {unknown}
 l - a scroll of vulnerability {unknown}
Potions
 d - a potion of might

Dungeon Overview and Level Annotations

Branches:
Dungeon (2/15)

Altars:
Ru

Shops:
D:1

[ #......# #......#
........# .....#### # ...
#.# #.# ########## .. #.#
#.[....... ..#.##.##.#
#......... ......KS@.#
##......... ......g##.#
#..........
.......##.#####..........
.......................##
................##.....#
###+##..............#.##
#............<...#
#..........##.####
#..........##.#


You could see an adder (can't see you), a goblin (can't see you) and a kobold
(can't see you).


Message History

You are frozen.
* * * LOW HITPOINT WARNING * * *
😨 HP[-2]
You take 2 damage, and now have 14/29 hp.
You hit the endoplasm.
You kill the endoplasm!
Key pressed, stopping explore.
Key pressed, stopping explore.
Key pressed, stopping explore.
Found a stone staircase leading down.
You now have 74 gold pieces (gained 12). 😎 HP[+15]
Your hp is fully restored (29).
A quokka and an adder come into view.
The adder hisses angrily.
A goblin comes into view. It is wielding a +0 dagger.
The quokka barely misses you. The quokka closely misses you.
You hit the quokka. The quokka bites you.
A kobold comes into view. It is wielding a +0 club. 😕 HP[-1]
You take 1 damage, and now have 28/29 hp.
You miss the quokka.
The kobold shouts!
The quokka completely misses you. The quokka bites you. 😕 HP[-4]
You take 4 damage, and now have 24/29 hp.
You closely miss the quokka. The quokka barely misses you.
The quokka closely misses you.
You hit the quokka. The quokka closely misses you. 😕 HP[+1]
You closely miss the quokka.
The quokka bites you but does no damage.
You block the quokka's attack.
You closely miss the quokka. You block the quokka's attack.
You barely miss the quokka. You block the quokka's attack.
The quokka bites you. 😕 HP[-3]
You take 3 damage, and now have 22/29 hp.
You miss the quokka. The quokka barely misses you. x2
You miss the quokka.
The quokka bites you but does no damage.
You miss the quokka. The quokka barely misses you.
The quokka bites you but does no damage.
You barely miss the quokka.
The quokka twitches its whiskers.
The quokka barely misses you.
Unknown command.
You barely miss the quokka. You block the quokka's attack.
The quokka closely misses you.
You miss the quokka. The quokka barely misses you. 😕 HP[+1]
You barely miss the quokka. The quokka barely misses you.
You block the quokka's attack.
You closely miss the quokka.
The quokka bites you but does no damage. x2
You miss the quokka. The quokka bites you. 😮 HP[-3]
You take 3 damage, and now have 20/29 hp.
You barely miss the quokka.
The quokka bites you but does no damage. x2
You barely miss the quokka.
The quokka bites you but does no damage.
You sock the quokka!
You kill the quokka!
The adder bites you but does no damage.
You sock the adder! The adder closely misses you.
The adder bites you but does no damage.
You closely miss the adder. You block the adder's attack.
The adder bites you. 😮 HP[-1]
You take 1 damage, and now have 19/29 hp.
You closely miss the adder. You block the adder's attack.
You miss the adder.
The adder is stunned by your conviction and fails to attack.
The adder barely misses you. The adder bites you but does no damage.
You completely miss the adder. The adder bites you but does no damage.
You miss the adder. The adder bites you but does no damage.
The adder bites you.
You are poisoned.
The adder poisons you! 😮 HP[-1]
You take 1 damage, and now have 18/29 hp.
Unknown command.
You miss the adder.
You feel sick. The adder bites you.
* * * LOW HITPOINT WARNING * * *
The adder bites you.
* * * LOW HITPOINT WARNING * * *
You are lethally poisoned!
The adder poisons you! 😨 HP[-6]
You take 6 damage, and now have 12/29 hp.
MASSIVE DAMAGE!! (PAUSE) It was a potion of invisibility.
You fade into invisibility!
* * * LOW HITPOINT WARNING * * *
You feel very sick. The adder closely misses you. 😨 HP[-3]
You take 3 damage, and now have 9/29 hp.
Okay, then.
Are you sure you want to abandon this character and quit the game? (Confirm with "yes".)

Skill      XL: |  1  2 |
---------------+-------+-----
Armour         | 4 5 |  5.4
Fighting       | |  3.6
Maces & Flails | |  2.1
Shields        | |  3.2

Action                   || total
-------------------------++-------
Melee: Flail             ||   144
Throw: Dart              ||     4
Invok: Sacrifice an Eye  ||     1
  Use: Potion            ||     1
Armor: Scale mail        ||    87
Dodge: Dodged            ||    98
Block: Buckler           ||    45

Levels and vault maps discovered:
D:1:      lightli_arrival_statue_moat, layout_rooms, serial_shops,
          nicolae_shop_hallway_plus
D:2:      layout_basic, ebering_ecumenical_altar_abandoned,
          minmay_split_cup_large

Notes
Turn   | Place    | Note
-------+----------+-------------------------------------------
     0 | D:1      | spaghetti the Barachi Fighter began the quest for the Orb.
     0 | D:1      | Reached XP level 1. HP: 18/18 MP: 1/1
     0 | D:1      | magus.rc [v1.9.6]
    98 | D:1      | Reached skill level 4 in Armour
   175 | D:1      | Reached XP level 2. HP: 24/24 MP: 2/2
   612 | D:1      | magus.rc [v1.9.6]
   638 | D:2      | Reached skill level 5 in Armour
   638 | D:2      | Reached XP level 3. HP: 17/29 MP: 3/3
   916 | D:2      | Found a faded altar of an unknown god.
   935 | D:2      | Prayed at the altar of an unknown god.
   935 | D:2      | Became a worshipper of Ru the Awakened
   946 | D:1      | Found Dabin's Armour Boutique.
   951 | D:1      | Gained mutation: You are missing an eye, making it more
                  | difficult to aim. [Ru sacrifice]
   951 | D:1      | Reached * piety under Ru
  1467 | D:2      | Quit the game

Vanquished Creatures
  An adder (D:2)
  2 endoplasms
  3 giant cockroaches (D:1)
  3 goblins (D:1)
  2 jackals (D:1)
  3 quokkas
  4 ball pythons (D:1)
  4 bats
  4 frilled lizards (D:1)
  3 kobolds (D:1)
  A rat (D:1)
30 creatures vanquished.

Table legend:
 A = Non-vault XP
 B = Vault XP
 C = Vault XP percentage of total XP
 D = Non-vault monster count
 E = Vault monster count
 F = Vault count percentage of total count
                 A         B        C        D         E       F
            +---------+---------+-------+---------+---------+-------
      Total |      61 |       0 |   0.0 |      30 |       0 |   0.0
            +---------+---------+-------+---------+---------+-------
        D:1 |      39 |       0 |   0.0 |      24 |       0 |   0.0
        D:2 |      22 |       0 |   0.0 |       6 |       0 |   0.0
            +---------+---------+-------+---------+---------+-------

Illustrated notes

Table legend:
 A = Kills in this place as a percentage of kills in entire the game.
 B = Kills by you in this place as a percentage of kills by you in the entire game.
 C = Kills by friends in this place as a percentage of kills by friends in the entire game.
 D = Other kills in this place as a percentage of other kills in the entire game.
 E = Experience gained in this place as a percentage of experience gained in the entire game.
 F = Experience gained in this place divided by the number of levels of this place that you have seen.
                   A       B       C       D       E      F
               +-------+-------+-------+-------+-------+----------------------
         Total | 100.0 | 100.0 |   N/A |   N/A | 100.0 |  30.5
       Dungeon | 100.0 | 100.0 |   N/A |   N/A | 100.0 |  30.5
               +-------+-------+-------+-------+-------+----------------------

Table legend: (Time is in decaauts)
 A = Elapsed time spent in this place.
 B = Non-inter-level travel time spent in this place.
 C = Inter-level travel time spent in this place.
 D = Time resting spent in this place.
 E = Time spent auto-exploring this place.
 F = Levels seen in this place.
 G = Mean time per level.
                   A        B        C        D        E       F      G
               +--------+--------+--------+--------+--------+-----+--------+
         Total |   1614 |   1547 |     67 |    435 |    763 |   2 |  807.0 |
       Dungeon |   1614 |   1547 |     67 |    435 |    763 |   2 |  807.0 |
               +--------+--------+--------+--------+--------+-----+--------+

Top non-repeatable levels by time:
     D:1: 1117 daAuts
     D:2: 497 daAuts
